 Dungeon Crawl Stone Soup version 0.29-a0-1027-gcd8c55af63 (webtiles) character file.

Game seed: 5892271334576516264

224 Sabo the Conjurer (level 6, -1/37 HPs)
             Began as an Octopode Conjurer on Aug 13, 2022.
             Was a Believer of Dithmenos.
             Slain by an orc priest
             ... wielding a +0 falchion
              (4 damage)
             ... on level 4 of the Dungeon.
             The game lasted 00:22:51 (4949 turns).

Sabo the Conjurer (Octopode Conjurer)               Turns: 4949, Time: 00:22:51

Health: -1/37      AC:  5    Str:  6    XL:     6   Next: 0%
Magic:  9/10       EV: 13    Int: 22    God:    Dithmenos [**....]
Gold:   85         SH:  0    Dex: 11    Spells: 7/10 levels left

rFire   . . .      SeeInvis .   g - +2 long sword
rCold   . . .      Faith    .   (no shield)
rNeg    . . .      Spirit   .   (helmet restricted)
rPois   .          Reflect  .   (no amulet)
rElec   .          Harm     .   p - +4 ring of protection
rCorr   .          Rampage  .   (no ring)
Will    .....                   (no ring)
Stlth   +++.......              (no ring)
HPRegen 0.12/turn               (no ring)
MPRegen 0.12/turn               (no ring)
                                (no ring)
                                (no ring)

@: confused, wreathed by umbra
A: almost no armour, amphibious, 8 rings, camouflage 1, gelatinous body 1,
(nimble swimmer 1), tentacles
a: Renounce Religion, Shadow Step


You were on level 4 of the Dungeon.
You worshipped Dithmenos.
Dithmenos was pleased with you.
You visited 1 branch of the dungeon, and saw 4 of its levels.

You collected 85 gold pieces.

Inventory:

Hand Weapons
 g - a +2 long sword (weapon)
Missiles
 i - 14 poisoned darts (quivered)
 n - 6 curare-tipped darts
Jewellery
 p - a +4 ring of protection (left tentacle)
Scrolls
 c - a scroll of blinking
 e - a scroll of magic mapping
 f - 3 scrolls of teleportation
 j - a scroll of acquirement {unknown}
 k - 2 scrolls of fear
 l - a scroll of butterflies {unknown}
 q - 2 scrolls of summoning {unknown}
Potions
 a - a potion of magic
 b - 3 potions of heal wounds {unknown}
 d - a potion of curing {unknown}
 h - a potion of ambrosia {unknown}
 m - a potion of attraction {unknown}
 o - 2 potions of might {unknown}


   Skills:
 + Level 0.7 Fighting
 + Level 1.5 Long Blades
 + Level 2.2 Dodging
 + Level 4.6 Stealth
 + Level 2.7 Spellcasting
 + Level 5.5 Conjurations


You had 7 spell levels left.
You knew the following spells:

 Your Spells              Type           Power      Damage    Failure   Level
a - Magic Dart            Conj           100%       1d8       1%          1
b - Searing Ray           Conj           54%        2d6       1%          2

Your spell library contained the following spells:

 Spells                   Type           Power      Damage    Failure   Level
 Conjure Flame            Conj/Fire      15%        6-21      12%         3
 Dazzling Flash           Conj/Hex       30%        N/A       12%         3
 Ignite Poison            Fire/Tmut/Pois 3%         N/A       36%         3
 Fulminant Prism          Conj/Hex       7%         3d7       38%         4
 Iskenderun's Mystic Bla  Conj/Tloc      15%        2d5       38%         4
 Sticky Flame             Conj/Fire      15%        2d4       38%         4


Dungeon Overview and Level Annotations

Branches:
Dungeon (4/15)
 Temple: D:4-7

Altars:
Cheibriados
Dithmenos
Ru
Xom


Innate Abilities, Weirdness & Mutations

You cannot wear most types of armour.
You are amphibious.
You can wear up to eight rings at the same time.
Your skin changes colour to match your surroundings (Stealth+).
Your rubbery body absorbs attacks. (AC +1, EV +1)
((You are camouflaged when in or above water. (Stealth+)))
You have tentacles for arms and can constrict up to eight enemies at once.


Message History

You constrict the orc.
You hear a shout!
The orc closely misses you.
The orc priest drinks a potion.
The orc priest seems to speed up.
You hit the orc.
You kill the orc!
Dithmenos accepts your kill.
The orc wizard gestures at you while chanting.
You are confused.
An orc comes into view. It is wielding a +0 mace.
You have reached level 6!
You bump into the rock wall.
The orc priest calls down the wrath of Beogh upon you.
Beogh smites you!
The orc wizard hits you but does no damage.
An orc comes into view. It is wielding a +0 hand axe.
You hear a bark!
You miss the orc wizard.
The orc wizard hits you but does no damage.
The orc priest hits you with a +0 falchion.
You bump into the rock wall.
The orc priest closely misses you.
A hound comes into view.
The orc wizard points at you and mumbles some strange words.
The puff of flame hits you!
* * * LOW HITPOINT WARNING * * *
You bump into the rock wall.
The orc priest hits you but does no damage.
The orc wizard hits you but does no damage.
The orc priest hits you with a +0 falchion.
* * * LOW HITPOINT WARNING * * *
The orc priest attacks as you move away!
The orc priest misses you.
The orc wizard attacks as you move away!
The orc wizard hits you with a +0 dagger.
* * * LOW HITPOINT WARNING * * *
You are too confused!
You hit the orc priest. Your squeeze misses the orc priest.
The orc priest is lightly wounded.
The orc priest hits you with a +0 falchion.
You die...

#.##### #.#
#.# #.#
#)##########
#...........
####.##.....
#(# ... #@#
# ##o# #ho#
#o## #. .o
... ..§§
≈≈≈§≈


You could see a hound, an orc priest (fast), an orc wizard and 2 orcs.

Vanquished Creatures
  A scorpion (D:4)
  Jessica (D:3)
  3 gnolls (D:4)
  4 adders
  4 worms
  A dart slug (D:4)
  7 orcs
  4 bats
  3 endoplasms
  A giant cockroach (D:1)
  2 goblins (D:1)
  5 hobgoblins
  4 kobolds
  4 quokkas
  8 ball pythons
  A frilled lizard (D:2)
  7 rats
60 creatures vanquished.

Vanquished Creatures (others)
  2 fungi (D:2)
  7 plants (D:2)
9 creatures vanquished.

Grand Total: 69 creatures vanquished

Notes
Turn   | Place    | Note
-------+----------+-------------------------------------------
     0 | D:1      | Sabo the Octopode Conjurer began the quest for the Orb.
     0 | D:1      | Reached XP level 1. HP: 11/11 MP: 3/3
   462 | D:1      | Reached XP level 2. HP: 16/17 MP: 0/5
   948 | D:1      | You fall into a shaft and drop 1 floor!
  1272 | D:2      | Found a faded altar of an unknown god.
  1281 | D:2      | Prayed at the altar of an unknown god.
  1281 | D:2      | Became a worshipper of Dithmenos the Shadowed
  1281 | D:2      | Reached * piety under Dithmenos
  1788 | D:2      | Reached XP level 3. HP: 22/22 MP: 0/6
  2820 | D:3      | Found a sacrificial altar of Ru.
  2871 | D:3      | Learned a level 2 spell: Searing Ray
  2935 | D:3      | Reached skill level 5 in Conjurations
  2945 | D:3      | Reached XP level 4. HP: 9/27 MP: 2/7
  3567 | D:3      | Found a shimmering altar of Xom.
  4066 | D:3      | Noticed Jessica
  4069 | D:3      | Killed Jessica
  4237 | D:3      | Found a snail-covered altar of Cheibriados.
  4683 | D:4      | Reached XP level 5. HP: 32/32 MP: 8/8
  4692 | D:4      | Reached skill level 1 in Long Blades
  4742 | D:4      | Reached ** piety under Dithmenos
  4944 | D:4      | Reached XP level 6. HP: 37/37 MP: 8/10
  4949 | D:4      | Slain by an orc priest

Illustrated notes

Levels and vault maps discovered:
D:1:      roderic_dead_forest, layout_basic
D:2:      layout_loops_corners, shapermc_ecumenical_altar_mp_ritualfount
D:3:      layout_basic, mainiacjoe_overflow_alcove_4, nicolae_ru_awakened_eye,
          general_overflow_altar, minmay_misc_feat_more_columns,
          minmay_misc_feat_nine_boxes, uniq_jessica
D:4:      layout_rooms, kennysheep_mini, yredelemnul_forgotten_temple_becter,
          mainiacjoe_overflow_brackets, serial_shops, nicolae_shop_trees,
          dreamdust_wishing_well, sigmund_edmund_badplayer, uniq_pikel

Skill      XL: |  1  2  3  4  5 |
---------------+----------------+-----
Conjurations   | 5 |  5.5
Stealth        | 3 4 |  4.6
Long Blades    | 1 |  1.5
Fighting       | |  0.7
Dodging        | |  2.2
Spellcasting   | |  2.7

Action                   |  1- 3 |  4- 6 || total
-------------------------+-------+-------++-------
Melee: Constrict         |    11 |     5 ||    16
       Unarmed           |     2 |       ||     2
       Tentacles         |     8 |     4 ||    12
       Long sword        |    22 |    20 ||    42
       Dagger            |     3 |       ||     3
       Punch             |     1 |       ||     1
 Cast: Magic Dart        |    45 |    47 ||    92
  Use: Scroll            |     5 |     1 ||     6
 Stab: Sleeping          |     1 |     1 ||     2
Armor: Skin              |     1 |     5 ||     6
Dodge: Dodged            |    15 |    17 ||    32

Table legend: (Time is in decaauts)
 A = Elapsed time spent in this place.
 B = Non-inter-level travel time spent in this place.
 C = Inter-level travel time spent in this place.
 D = Time resting spent in this place.
 E = Time spent auto-exploring this place.
 F = Levels seen in this place.
 G = Mean time per level.
                   A        B        C        D        E       F      G
               +--------+--------+--------+--------+--------+-----+--------+
         Total |   4966 |   4966 |      0 |   2350 |      0 |   4 | 1241.5 |
       Dungeon |   4966 |   4966 |      0 |   2350 |      0 |   4 | 1241.5 |
               +--------+--------+--------+--------+--------+-----+--------+

Top non-repeatable levels by time:
     D:3: 1892 daAuts
     D:2: 1466 daAuts
     D:1: 1330 daAuts
     D:4: 277 daAuts
